 Dungeon Crawl Stone Soup version 0.24-a0-201-gf205589 (webtiles) character file.

Game seed: 14020650200144073035

190 Borgoz the Skirmisher (level 5, -6/46 HPs)
             Began as a Ghoul Monk on Mar 24, 2019.
             Killed by divine providence
             ... invoked by an orc priest
              (10 damage)
             ... on level 4 of the Dungeon.
             The game lasted 00:04:34 (2480 turns).

Borgoz the Skirmisher (Ghoul Monk)                  Turns: 2480, Time: 00:04:34

Health: -6/46      AC:  9    Str: 15    XL:     5   Next: 69%
Magic:  5/5        EV:  7    Int:  6    God:
Gold:   184        SH:  0    Dex: 11    Spells: 6/6 levels left

rFire    . . .     SeeInvis .   q - +5 dagger
rCold    + . .     Gourm    .   (no shield)
rNeg     + + +     Faith    .   k - +1 chain mail
rPois    ∞         Spirit   .   (no helmet)
rElec    .         Reflect  .   (no cloak)
rCorr    .         Harm     .   (no gloves)
MR       .....                  (no boots)
Stlth    ..........             g - amulet of the acrobat
HPRegen  0.00/turn              (no ring)
MPRegen  0.09/turn              (no ring)

@: rotting
A: rotting body, claws 1, carnivore, cold resistance 1, negative energy
resistance 3, inhibited regeneration, torment resistance, unbreathing
a: no special abilities


You were on level 4 of the Dungeon.
You were not hungry.

You visited 1 branch of the dungeon, and saw 4 of its levels.

You collected 184 gold pieces.

Inventory:

Hand Weapons
 a - a +0 short sword
 q - a +5 dagger (weapon)
 r - a +3 short sword of holy wrath
Armour
 k - a +1 chain mail (worn)
Jewellery
 g - an amulet of the acrobat (around neck)
Wands
 m - a wand of random effects (27)
Scrolls
 b - a scroll of teleportation {unknown}
 d - 2 scrolls of enchant armour
 l - 2 scrolls of amnesia
 n - a scroll of magic mapping
 o - a scroll of identify
 p - a scroll of blinking
Potions
 e - 2 potions of flight
 h - a potion of haste {unknown}
 i - 2 potions of degeneration {unknown}
 j - 4 potions of curing
Comestibles
 c - 9 rations


   Skills:
 + Level 3.8 Fighting
 * Level 3.5 Short Blades
 + Level 1.3 Throwing
 * Level 2.0 Armour
 * Level 3.5 Dodging
 - Level 2.1 Stealth
 + Level 1.0 Spellcasting


You had 6 spell levels left.
You didn't know any spells.
Your spell library was empty.

Dungeon Overview and Level Annotations

Branches:
Dungeon (4/15)
 Temple: D:4-7

Altars:
Gozag


Innate Abilities, Weirdness & Mutations

Your body is rotting away.
You thrive on raw meat.
You are immune to poison.
You have sharp fingernails.
You are carnivorous and can eat meat at any time.
Your flesh is cold resistant. (rC+)
You are immune to negative energy. (rN+++)
You do not regenerate when monsters are visible.
You are immune to unholy pain and torment.
You can survive without breathing.


Message History

Eat one of 3 chunks of flesh? (ye/n/q)
You eat one of the 3 chunks of flesh.
This raw flesh tastes great!
The orc hits you but does no damage. The orc priest hits you with a +0 mace.
* * * LOW HITPOINT WARNING * * *
Eat one of 2 chunks of flesh? (ye/n/q)
You eat one of the 2 chunks of flesh.
This raw flesh tastes great!
The orc hits you but does no damage.
The orc priest hits you but does no damage.
Eat a chunk of flesh? (ye/n/q)
You eat the chunk of flesh.
This raw flesh tastes great!
The orc hits you but does no damage.
The orc priest invokes the aid of Beogh against you.
Beogh smites you!
* * * LOW HITPOINT WARNING * * *
You hit the orc priest.
The orc priest is almost dead.
The orc barely misses you.
The orc priest mumbles some strange prayers to Beogh against you.
Beogh smites you!
You die...

. .... .. ...... #.
....(. #.. ...... ..
.. ...... .. ##
.####.####.....# .#
... .....oo@......#
#.##.#
#...#.o#..######..#..#
# #.....#.####...#..#
####...!.........##
#..#.###...>...###
##...# #.#...#....
###..##.#........
####...#.#..######
#...........#


You could see an orc priest and 2 orcs.

Vanquished Creatures
  A scorpion (D:4)
  An orc wizard (D:4)
  4 adders
  A river rat (D:3)
  A worm (D:2)
  A dart slug (D:1)
  7 leopard geckos
  2 orcs (D:3)
  A ball python (D:1)
  7 bats
  3 giant cockroaches (D:3)
  6 goblins
  4 hobgoblins
  3 quokkas
  3 frilled lizards
  9 kobolds
  7 rats
61 creatures vanquished.

Notes
Turn   | Place    | Note
-------+----------+-------------------------------------------
     0 | D:1      | Borgoz the Ghoul Monk began the quest for the Orb.
     0 | D:1      | Reached XP level 1. HP: 19/19 MP: 0/0
   145 | D:1      | Reached XP level 2. HP: 17/26 MP: 1/1
   537 | D:1      | Reached XP level 3. HP: 25/31 MP: 2/2
   692 | D:1      | Reached skill level 1 in Armour
  1090 | D:2      | Reached XP level 4. HP: 21/38 MP: 3/3
  1479 | D:2      | Reached skill level 1 in Throwing
  1859 | D:3      | Found an opulent altar of Gozag.
  2439 | D:4      | Reached skill level 1 in Spellcasting
  2439 | D:4      | Reached XP level 5. HP: 33/46 MP: 5/5
  2475 | D:4      | HP: 2/46 [orc priest/divine providence (14)]
  2480 | D:4      | Killed from afar by an orc priest

Levels and vault maps discovered:
D:1:      lemuel_arrival_cross, layout_basic
D:2:      layout_basic, roderic_roman_lattice
D:3:      layout_basic, first_ration, gup_sewer_entry_spiral,
          nicolae_gozag_cash_rules_everything_around_me
D:4:      layout_rooms, old_standard_altar, gammafunk_ghost_cemetery,
          guppyfry_early_orc_mine

Skill      XL: |  1  2  3  4  5 |
---------------+----------------+-----
Armour         | 1 2 |  2.0
Short Blades   | 3 |  3.5
Dodging        | 3 |  3.5
Throwing       | 1 |  1.3
Spellcasting   | 1 |  1.0
Fighting       | |  3.8
Stealth        | |  2.1

Action                   |  1- 3 |  4- 6 || total
-------------------------+-------+-------++-------
Melee: Short sword       |   139 |    83 ||   222
       Dagger            |       |    85 ||    85
  Use: Scroll            |     3 |     7 ||    10
 Stab: Sleeping          |     2 |       ||     2
  Eat: Chunk             |     8 |    11 ||    19
Armor: Robe              |    16 |       ||    16
       Chain mail        |    29 |    77 ||   106
Dodge: Dodged            |    78 |    77 ||   155

Table legend:
 A = Non-vault XP
 B = Vault XP
 C = Vault XP percentage of total XP
 D = Non-vault monster count
 E = Vault monster count
 F = Vault count percentage of total count
                 A         B        C        D         E       F
            +---------+---------+-------+---------+---------+-------
      Total |     247 |      25 |   9.2 |      55 |       6 |   9.8
            +---------+---------+-------+---------+---------+-------
        D:1 |      40 |       0 |   0.0 |      23 |       0 |   0.0
        D:2 |      53 |       0 |   0.0 |      17 |       0 |   0.0
        D:3 |      35 |      25 |  41.7 |      12 |       6 |  33.3
        D:4 |     119 |       0 |   0.0 |       3 |       0 |   0.0
            +---------+---------+-------+---------+---------+-------
